 Dungeon Crawl Stone Soup version 0.29-a0-330-g52719c12eb (webtiles) character file.

Game seed: 5702556552170584431

26982 HoaS the Sharpshooter (level 13, -3/91 HPs)
             Began as a Kobold Hunter on May 20, 2022.
             Was an Elder of Makhleb.
             Engulfed by a fire crab's flame (12 damage)
             ... on level 2 of the Lair of Beasts.
             The game lasted 00:38:33 (16289 turns).

HoaS the Sharpshooter (Kobold Hunter)              Turns: 16289, Time: 00:38:33

Health: -3/91      AC: 10    Str:  8    XL:     13   Next: 62%
Magic:  13/13      EV: 32    Int: 10    God:    Makhleb [****..]
Gold:   1131       SH:  6    Dex: 30    Spells: 12/12 levels left

rFire   . . .      SeeInvis .   v - +0 hand crossbow (vorpal)
rCold   . . .      Faith    .   u - +0 buckler
rNeg    . . .      Spirit   .   y - +1 steam dragon scales
rPois   .          Reflect  .   (no helmet)
rElec   .          Harm     .   B - +2 cloak
rCorr   .          Rampage  .   (no gloves)
Will    +....                   (no boots)
Stlth   ++++......              n - amulet of regeneration
HPRegen 1.05/turn               l - ring of willpower
MPRegen 0.13/turn               r - +6 ring of dexterity

@: no status effects
A: small, no large weapons, nightstalker 3
a: Renounce Religion, Minor Destruction, Lesser Servant of Makhleb, Major
Destruction


You were on level 2 of the Lair of Beasts.
You worshipped Makhleb.
Makhleb was greatly pleased with you.
You visited 3 branches of the dungeon, and saw 13 of its levels.
You also visited: Sewer and Bailey.

You collected 1131 gold pieces.

Inventory:

Hand Weapons
 v - a +0 vorpal hand crossbow (weapon)
Armour
 u - a +0 buckler (worn)
 y - +1 steam dragon scales (worn)
 B - a +2 cloak (worn)
Jewellery
 l - a ring of willpower (left hand)
 n - an amulet of regeneration (around neck)
 r - a +6 ring of dexterity (right hand)
 t - a ring of fire
Wands
 a - a wand of flame (1)
 w - a wand of polymorph (7)
Scrolls
 c - 4 scrolls of immolation
 e - a scroll of fear
 i - 3 scrolls of fog
 k - 4 scrolls of magic mapping
 m - a scroll of teleportation
 p - a scroll of holy word
 q - 2 scrolls of blinking
 x - 13 scrolls of identify
 C - a scroll of summoning
Potions
 b - 3 potions of mutation
 d - 5 potions of lignification
 f - 4 potions of flight
 g - 7 potions of curing
 h - 2 potions of attraction
 o - 2 potions of cancellation
 A - 2 potions of berserk rage


   Skills:
 + Level 14.3 Fighting
 + Level 15.7 Crossbows
 - Level 5.0 Armour
 + Level 14.9 Dodging
 - Level 1.3 Stealth


You had 12 spell levels left.
You didn't know any spells.
Your spell library contained the following spells:

 Spells                   Type           Power      Damage    Failure   Level
 Animate Skeleton         Necr           0%         N/A       52%         1
 Pain                     Necr           0%         1d4       52%         1
 Sting                    Tmut/Pois      0%         1d3       52%         1
 Blink                    Tloc           0%         N/A       65%         2
 Ensorcelled Hibernation  Hex/Ice        0%         N/A       65%         2
 Static Discharge         Conj/Air       0%         N/A       65%         2
 Sublimation of Blood     Necr           0%         N/A       65%         2
 Wereblood                Tmut           0%         N/A       65%         2
 Gell's Gravitas          Tloc           0%         N/A       87%         3
 Inner Flame              Hex/Fire       0%         N/A       87%         3
 Lesser Beckoning         Tloc           0%         N/A       87%         3
 Portal Projectile        Hex/Tloc       0%         N/A       87%         3
 Spider Form              Tmut/Pois      0%         N/A       87%         3
 Summon Guardian Golem    Hex/Summ       0%         N/A       87%         3
 Teleport Other           Tloc           0%         N/A       87%         3
 Vampiric Draining        Necr           0%         2d6       87%         3
 Anguish                  Hex/Necr       0%         N/A       99%         4
 Dispel Undead            Necr           0%         3d6       99%         4
 Passage of Golubria      Tloc           0%         N/A       99%         4
 Sticky Flame             Conj/Fire      0%         2d3       99%         4
 Summon Ice Beast         Ice/Summ       0%         N/A       99%         4
 Freezing Cloud           Conj/Ice/Air   0%         6-21      100%        5
 Simulacrum               Ice/Necr       0%         N/A       100%        6
 Orb of Destruction       Conj           0%         9d5       100%        7
 Spellforged Servitor     Conj/Summ      0%         N/A       100%        7
 Summon Hydra             Summ           0%         N/A       100%        7
 Polar Vortex             Ice            0%         N/A       100%        9


Dungeon Overview and Level Annotations

Branches:
Dungeon (10/15)            Temple (1/1) D:6            Lair (2/6) D:10
  Sewer (visited)          Bailey (visited)
  Swamp: Lair:2-4    Shoals: Lair:2-4     Snake: Lair:2-4    Spider: Lair:2-4
    Orc: D:9-12

Altars:
Ashenzari
Cheibriados
Dithmenos
Elyvilon
Fedhas
Gozag
Hepliaklqana
Kikubaaqudgha
Makhleb
Nemelex Xobeh
Okawaru
Qazlal
Ru
Sif Muna
Trog
Uskayaw
Vehumet
Wu Jian
Xom
Yredelemnul
Zin
The Shining One

Annotations:
D:9 3 runed translucent doors
Lair:1 Gastronok


Innate Abilities, Weirdness & Mutations

You are small and have problems with some larger weapons.
You are completely attuned to the shadows.


Message History

The bolt hits the fire crab but does no damage.
The fire crab is severely wounded.
The fire crab barely misses you. The fire crab closely misses you.
Shoot: v) +0 hand crossbow (vorpal)
Press: ? - help, Q - select action, (/) - cycle Shift-Dir - straight line, f/p - fire crab
Aim: a fire crab (severely wounded, 85% to hit)
You shoot a bolt. The bolt barely misses the fire crab.
The fire crab breathes flames at you. The blast of flame misses you.
The fire crab breathes flames at you. The blast of flame engulfs you.
Shoot: v) +0 hand crossbow (vorpal)
Press: ? - help, Q - select action, (/) - cycle Shift-Dir - straight line, f/p - fire crab
Aim: a fire crab (flame, severely wounded, 85% to hit)
You shoot a bolt. The bolt hits the fire crab.
The fire crab is almost dead.
You are engulfed in blazing flames.
* * * LOW HITPOINT WARNING * * *
The fire crab misses you. The fire crab completely misses you.
Shoot: v) +0 hand crossbow (vorpal)
Press: ? - help, Q - select action, (/) - cycle Shift-Dir - straight line, f/p - fire crab
Aim: a fire crab (flame, almost dead, 85% to hit)
You shoot a bolt.
The bolt hits the fire crab but does no damage.
The fire crab is almost dead.
The fire crab completely misses you. The fire crab closely misses you.
Shoot: v) +0 hand crossbow (vorpal)
Press: ? - help, Q - select action, (/) - cycle Shift-Dir - straight line, f/p - fire crab
Aim: a fire crab (almost dead, 85% to hit)
You shoot a bolt.
The bolt hits the fire crab but does no damage.
The fire crab is almost dead.
The fire crab breathes flames at you.
The blast of flame engulfs you but does no damage.
Shoot: v) +0 hand crossbow (vorpal)
Press: ? - help, Q - select action, (/) - cycle Shift-Dir - straight line, f/p - fire crab
Aim: a fire crab (flame, almost dead, 85% to hit)
You shoot a bolt. The bolt barely misses the fire crab.
You are engulfed in blazing flames.
You die...

♣♣♣.♣♣..♣♣.#♣.............♣#.♣♣♣.
.♣♣.♣♣♣..♣♣#♣.♣♣♣♣♣♣♣♣♣♣♣.♣#♣..♣♣
..♣.♣ ♣♣..♣ ♣.♣.........♣.♣ ♣♣♣..
#♣♣.♣♣##### ♣.♣.♣♣♣♣♣♣♣.♣.♣ #####
♣.....♣♣ ♣.♣.######♣.♣.♣ ♣....
...PP..♣♣♣♣#♣.♣°#|.'.#♣.♣.♣#♣♣♣.#
...≈.......#..♣°#:.'.#♣.♣.......#
....P..♣♣♣♣#♣.♣°####.#♣.♣.♣#♣♣♣.#
♣.....♣♣ ♣.♣°@t°°.#♣.♣.♣ ♣....
#♣♣.♣♣## ♣.♣♣♣♣♣♣♣♣♣.♣.♣ ##### ♣
♣....♣♣ ♣...........♣.♣ ♣♣.♣♣
♣♣♣..♣♣.♣♣♣#♣♣♣♣♣♣♣♣♣♣♣♣♣ #♣.≈.♣
.♣...♣♣..♣.# #.≈≈≈. ♣.♣♣♣♣.♣♣.♣#
#♣.≈.♣ ♣♣♣...♣♣♣♣♣ ### ♣♣.♣♣
##.### ########<######## ####
♣♣...♣♣ #.♣.♣.♣♣.♣♣.♣.♣.#♣♣...


You could see a fire crab.

Vanquished Creatures
  A hydra (Lair:2)
  Erolcha (D:10)
  A catoblepas (Lair:2)
  3 two-headed ogres
  2 death yaks
  An elephant (Lair:2)
  2 black mambas (Lair:2)
  Maggie (Lair:1)
  10 cane toads
  6 komodo dragons
  2 rime drakes (Lair:2)
  3 polar bears (Lair:2)
  A hornet (D:10)
  A troll (D:10)
  14 blink frogs
  2 wraiths
  4 wyverns
  20 yaks
  2 basilisks
  3 vampire mosquitoes (D:10)
  2 steam dragons
  13 water moccasins
  12 orc warriors
  An ice beast (D:7)
  An ogre (D:6)
  4 black bears
  3 sky beasts
  2 centaurs
  A phantom (D:5)
  5 kobold brigands
  18 bullfrogs
  2 gnoll sergeants
  5 scorpions
  3 wights (D:8)
  13 killer bees
  8 howler monkeys
  An electric eel (Lair:2)
  2 hounds (D:6)
  6 jellies
  8 orc priests
  2 iguanas
  Crazy Yiuf (D:7)
  10 orc wizards
  18 gnolls
  18 adders
  8 river rats
  A shadow imp (D:5)
  2 white imps
  2 ufetubi (D:5)
  7 worms
  3 dart slugs
  38 orcs
  4 bats
  4 endoplasms
  4 giant cockroaches
  26 goblins
  23 hobgoblins
  6 jackals
  3 quokkas (D:1)
  13 ball pythons
  6 frilled lizards
  36 kobolds
  27 rats
452 creatures vanquished.

Vanquished Creatures (others)
  An iguana (D:6)
  2 fungi (Lair:2)
  17 plants
20 creatures vanquished.

Grand Total: 472 creatures vanquished

Notes
Turn   | Place    | Note
-------+----------+-------------------------------------------
     0 | D:1      | HoaS the Kobold Hunter began the quest for the Orb.
     0 | D:1      | Reached XP level 1. HP: 12/12 MP: 1/1
   182 | D:1      | Reached XP level 2. HP: 17/17 MP: 2/2
   204 | D:1      | Reached skill level 6 in Crossbows
   243 | D:1      | Found a faded altar of an unknown god.
   336 | D:1      | Reached XP level 3. HP: 21/21 MP: 3/3
  1094 | D:2      | Reached skill level 7 in Crossbows
  1101 | D:2      | Reached XP level 4. HP: 19/26 MP: 4/4
  1916 | D:2      | Reached XP level 5. HP: 30/30 MP: 5/5
  1939 | D:2      | Reached skill level 8 in Crossbows
  2067 | D:2      | Identified the +0 leather armour "Furualiq" {Fly Int+5}
  2486 | D:3      | Reached XP level 6. HP: 29/35 MP: 6/6
  2604 | D:3      | Found a glowing drain.
  2612 | Sewer    | Entered a sewer
  2642 | Sewer    | Reached skill level 9 in Crossbows
  2752 | Sewer    | Reached skill level 10 in Crossbows
  2908 | Sewer    | Reached XP level 7. HP: 40/40 MP: 7/7
  3118 | Sewer    | Reached skill level 1 in Armour
  3838 | D:3      | Got the Disquisition on the Snowflakes and Dislocation
  3926 | D:4      | Noticed a two-headed ogre
  4701 | D:5      | Entered Level 5 of the Dungeon
  4808 | D:5      | Reached XP level 8. HP: 47/48 MP: 8/8
  5140 | D:5      | Reached skill level 5 in Fighting
  5597 | D:5      | Got Iheick's Guide on Mutagenic Hexes
  5870 | D:6      | Noticed a two-headed ogre
  5899 | D:7      | Reached skill level 5 in Dodging
  6187 | D:7      | Reached XP level 9. HP: 56/56 MP: 9/9
  6598 | D:7      | Found a runed translucent door.
  6601 | D:7      | Noticed Crazy Yiuf
  7084 | D:7      | Killed Crazy Yiuf
  7234 | D:6      | Killed a two-headed ogre
  7235 | D:6      | Reached XP level 10. HP: 66/66 MP: 10/10
  7528 | D:6      | Reached skill level 5 in Armour
  7538 | D:6      | Reached skill level 10 in Fighting
  8022 | D:6      | Found a staircase to the Ecumenical Temple.
  8064 | Temple   | Entered the Ecumenical Temple
  8702 | Temple   | Became a worshipper of Makhleb the Destroyer
  8878 | D:4      | Killed a two-headed ogre
  9741 | D:8      | Reached skill level 10 in Dodging
 10479 | D:9      | Found a glowing golden altar of the Shining One.
 10682 | D:9      | Reached * piety under Makhleb
 10683 | D:9      | Reached XP level 11. HP: 71/73 MP: 11/11
 10978 | D:9      | Reached skill level 11 in Crossbows
 11334 | D:9      | Found a runed translucent gate.
 11334 | D:9      | Noticed a brown ugly thing
 11334 | D:9      | Noticed a cyan ugly thing
 11335 | D:9      | Found a runed translucent gate.
 11336 | D:9      | Found a runed translucent gate.
 11336 | D:9      | Noticed a purple ugly thing
 11340 | D:9      | Noticed a glowing orange brain
 11707 | D:10     | Entered Level 10 of the Dungeon
 11722 | D:10     | Noticed a two-headed ogre
 11764 | D:10     | Killed a two-headed ogre
 11883 | D:10     | Found a staircase to the Lair.
 11883 | D:10     | Noticed a death yak
 11897 | D:10     | Killed a death yak
 11910 | D:10     | Reached skill level 12 in Crossbows
 11999 | D:10     | Noticed Erolcha
 12063 | D:10     | Killed Erolcha
 12063 | D:10     | Reached ** piety under Makhleb
 12221 | D:10     | Found a flagged portal.
 12234 | Bailey   | Entered a bailey
 12322 | Bailey   | Noticed an orc knight
 12701 | Bailey   | Reached *** piety under Makhleb
 12712 | Bailey   | Noticed an orc warlord
 12836 | D:10     | Reached XP level 12. HP: 61/81 MP: 12/12
 13288 | Lair:1   | Entered Level 1 of the Lair of Beasts
 13292 | Lair:1   | Noticed Maggie
 13307 | Lair:1   | Killed Maggie
 13308 | Lair:1   | Reached skill level 13 in Crossbows
 13533 | Lair:1   | Noticed Gastronok
 14130 | Lair:1   | Noticed a death yak
 14143 | Lair:1   | Noticed a death yak
 14144 | Lair:1   | Noticed a death yak
 14146 | Lair:1   | Noticed a death yak
 14147 | Lair:1   | Noticed a death yak
 14714 | Lair:2   | Reached skill level 14 in Crossbows
 14890 | Lair:2   | Reached **** piety under Makhleb
 14919 | Lair:2   | Reached XP level 13. HP: 88/88 MP: 13/13
 15047 | Lair:2   | Noticed an eight-headed hydra
 15068 | Lair:2   | Killed an eight-headed hydra
 15134 | Lair:2   | Noticed a catoblepas
 15233 | Lair:2   | Reached skill level 15 in Crossbows
 16002 | Lair:2   | Killed a catoblepas
 16289 | Lair:2   | Engulfed by a fire crab's flame

Illustrated notes

Levels and vault maps discovered:
D:1:      dpeg_arrival_solitude, layout_basic, basic_ecumenical_altar,
          hangedman_decor_push
D:2:      cheibrodos_greedy_goblins, layout_basic
D:3:      layout_rooms, cheibrodos_sewer_entry_bend, grunt_ministairs_3
D:4:      layout_loops_ring, bh_walls_and_bars
D:5:      layout_basic
D:6:      hangedman_cross_stitches, layout_loops_ring, lemuel_temple_firewalk_a
D:7:      layout_basic, serial_glass, glass_columns_a, glass_columns_a,
          uniq_crazy_yiuf_cottage
D:8:      layout_layer_cave, st_stairs_1, minivault_5
D:9:      layout_roguey, tso_altar, ploomutoo_gammafunk_ghost_potion_laboratory,
          minmay_misc_feat_rugged, minmay_increasing_density
D:10:     layout_roguey, david_lair_generic, serial_curves, eino_curves_02,
          eino_curves_04, enter_bailey_5, grunt_ministairs_12, pond,
          uniq_erolcha
Temple:   mainiacjoe_temple_starburst
Lair:1:   layout_cave_pods, serial_bayou_pond_b, uniq_gastronok, uniq_maggie
Lair:2:   nzn_winding_woodlands_huge [nzn_winding_woodlands_5x15_river_crossing,
          nzn_winding_woodlands_5x15_split_checker,
          nzn_winding_woodlands_5x15_sawtooth,
          nzn_winding_woodlands_5x15_crooked, nzn_winding_woodlands_5x15_garden,
          nzn_winding_woodlands_5x15_pockets,
          nzn_winding_woodlands_5x15_sidewinder,
          nzn_winding_woodlands_5x15_longhouse,
          nzn_winding_woodlands_5x15_pathside_ponds,
          nzn_winding_woodlands_5x15_eye,
          nzn_winding_woodlands_center_pierced_h,
          nzn_winding_woodlands_center_triple_pond,
          nzn_winding_woodlands_15x15_boxy_spiral], layout_gridlike,
          serial_rivers, chequers_serial_rivers_small_b,
          chequers_serial_rivers_small_b, chequers_serial_rivers_room_b,
          chequers_serial_rivers_micro_c, chequers_serial_rivers_small_b,
          serial_bayou_lagoon_a, guppyfry_lair_drakes

Skill      XL: |  1  2  3  4  5  6  7  8  9 10 11 12 13 |
---------------+----------------------------------------+-----
Crossbows      | 6 7 8 10 12 14 15 | 15.7
Fighting       | 4 6 9 10 11 13 14 | 14.3
Armour         | 1 3 4 5 |  5.0
Dodging        | 3 5 7 10 12 13 14 | 14.9
Stealth        | |  1.3

Action                   |  1- 3 |  4- 6 |  7- 9 | 10-12 | 13-15 || total
-------------------------+-------+-------+-------+-------+-------++-------
 Fire: Hand crossbow     |    68 |   154 |   413 |   940 |   288 ||  1863
Evoke: Wand              |       |       |       |     1 |       ||     1
  Use: Scroll            |    10 |     2 |    12 |    10 |     1 ||    35
       Potion            |       |       |     5 |     7 |     5 ||    17
Armor: Leather armour    |     6 |    17 |    45 |    31 |       ||    99
       Steam dragon scal |       |       |       |    32 |    24 ||    56
       Acid dragon scale |       |       |       |     1 |       ||     1
Dodge: Dodged            |    19 |    41 |   172 |   672 |   308 ||  1212
Block: Buckler           |       |       |    29 |   203 |    77 ||   309

Table legend: (Time is in decaauts)
 A = Elapsed time spent in this place.
 B = Non-inter-level travel time spent in this place.
 C = Inter-level travel time spent in this place.
 D = Time resting spent in this place.
 E = Time spent auto-exploring this place.
 F = Levels seen in this place.
 G = Mean time per level.
                   A        B        C        D        E       F      G
               +--------+--------+--------+--------+--------+-----+--------+
         Total |  16494 |  15585 |    909 |   1995 |  10295 |  15 | 1099.6 |
       Dungeon |  11441 |  10617 |    824 |   1472 |   7358 |  10 | 1144.1 |
        Temple |    692 |    625 |     67 |      0 |    609 |   1 |  692.0 |
          Lair |   3061 |   3044 |     17 |    147 |   1926 |   2 | 1530.5 |
         Sewer |    753 |    753 |      0 |    257 |    248 |   1 |  753.0 |
        Bailey |    544 |    544 |      0 |    119 |    154 |   1 |  544.0 |
               +--------+--------+--------+--------+--------+-----+--------+

Top non-repeatable levels by time:
  Lair:2: 1863 daAuts
     D:7: 1572 daAuts
     D:2: 1539 daAuts
     D:9: 1276 daAuts
     D:8: 1247 daAuts
     D:5: 1225 daAuts
  Lair:1: 1198 daAuts
    D:10: 1067 daAuts
     D:6: 963 daAuts
     D:4: 901 daAuts
     D:1: 838 daAuts
     D:3: 808 daAuts
   Sewer: 753 daAuts
  Temple: 692 daAuts
  Bailey: 544 daAuts
